 Dungeon Crawl Stone Soup version 0.28-a0-1199-gef9e1dbd39 (webtiles) character file.

Game seed: 4750987609084317428

10959 enile the Covert (level 11, -4/77 HPs)
             Began as an Octopode Wanderer on Dec 20, 2021.
             Was a Follower of Yredelemnul.
             Killed from afar by an orc wizard (8 damage)
             ... with a magic dart
             ... on level 10 of the Dungeon.
             The game lasted 00:33:31 (14554 turns).

enile the Covert (Octopode Wanderer)               Turns: 14554, Time: 00:33:33

Health: -4/77      AC:  1    Str: 24    XL:     11   Next: 70%
Magic:  21/24      EV: 18    Int: 31    God:    Yredelemnul [*.....]
Gold:   443        SH:  0    Dex: 15    Spells: 2/14 levels left

rFire   . . .      SeeInvis +   i - +3 dagger (chaos)
rCold   . . .      Faith    .   N - +0 kite shield
rNeg    . . .      Spirit   .   e - +0 hat
rPois   .          Reflect  .   (no amulet)
rElec   .          Harm     .   t - ring of see invisible
rCorr   .          Rampage  .   w - +6 ring of strength
Will    .....                   u - ring "Xuepp" {MP+9 Str+3 Int+7}
Stlth   +++.......              F - +6 ring of intelligence
HPRegen 0.22/turn               M - +6 ring of intelligence
MPRegen 0.19/turn               P - +4 ring of evasion
                                (no ring)
                                (no ring)

@: confused
A: almost no armour, amphibious, 8 rings, camouflage 1, gelatinous body 1,
(nimble swimmer 1), tentacles
a: Renounce Religion, Recall Undead Harvest


You were on level 10 of the Dungeon.
You worshipped Yredelemnul.
Yredelemnul was noncommittal.
You visited 1 branch of the dungeon, and saw 13 of its levels.

You collected 510 gold pieces.
You spent 67 gold pieces at shops.

Inventory:

Hand Weapons
 a - a +0 dagger
 i - a +3 dagger of chaos (weapon)
 j - a +2 vampiric short sword
 k - a +0 short sword
 D - a +1 hunting sling of flaming
 G - a +0 falchion of electrocution
Missiles
 n - 40 stones
 y - 5 boomerangs (quivered)
 E - a curare-tipped dart
Armour
 e - a +0 hat (worn)
 v - a +2 tower shield
 N - a +0 kite shield (worn)
Jewellery
 t - a ring of see invisible (left tentacle)
 u - the ring "Xuepp" (on tentacle) {MP+9 Str+3 Int+7}
   (You acquired it on level 6 of the Dungeon)

   [ring of magical power]

   Str:       It affects your strength (+3).
   Int:       It affects your intelligence (+7).
   MP:        It affects your magic capacity (+9).
 w - a +6 ring of strength (right tentacle)
 F - a +6 ring of intelligence (on tentacle)
 M - a +6 ring of intelligence (on tentacle)
 P - a +4 ring of evasion (on tentacle)
Wands
 B - a wand of polymorph (25)
 H - a wand of paralysis (2)
 I - a wand of iceblast (12)
 J - a wand of charming (6)
Scrolls
 c - a scroll of vulnerability
 f - a scroll of immolation
 h - 3 scrolls of teleportation
 o - 2 scrolls of magic mapping
 s - 3 scrolls of noise
 x - a scroll of amnesia
 A - a scroll of silence
 K - a scroll of blinking
 L - a scroll of enchant weapon {unknown}
Potions
 b - 2 potions of attraction {unknown}
 d - 2 potions of haste
 g - 3 potions of curing
 l - a potion of flight
 m - 2 potions of ambrosia {unknown}
 p - a potion of cancellation {unknown}
 q - 2 potions of brilliance
 r - 2 potions of lignification {unknown}
 z - a potion of degeneration {unknown}
 C - a potion of resistance {unknown}
 O - a potion of magic {unknown}


   Skills:
 - Level 8.0 Fighting
 - Level 7.0(7.1) Short Blades
 - Level 2.2(5.0) Long Blades
 - Level 5.0 Throwing
 - Level 8.0 Dodging
 - Level 8.0 Stealth
 - Level 2.0 Shields
 - Level 2.0 Unarmed Combat
 - Level 2.0 Spellcasting
 - Level 5.0 Hexes
 - Level 5.0 Ice Magic
 - Level 6.0 Invocations
 + Level 6.2 Evocations


You had 2 spell levels left.
You knew the following spells:

 Your Spells              Type           Power      Damage    Failure   Level
a - Ensorcelled Hibernat  Hex/Ice        68%        N/A       8%          2
b - Tukima's Dance        Hex            34%        N/A       16%         3
c - Cause Fear            Hex            17%        N/A       45%         4
d - Mephitic Cloud        Conj/Pois/Air  3%         N/A       75%         3

Your spell library contained the following spells:

 Spells                   Type           Power      Damage    Failure   Level
 Freeze                   Ice            100%       1d11      4%          1
 Sandblast                Erth           6%         2d5       36%         1
 Passwall                 Tmut/Erth      2%         N/A       52%         2
 Scorch                   Fire           6%         2d5       52%         2
 Frozen Ramparts          Ice            68%        1d8       16%         3
 Ignite Poison            Fire/Tmut/Pois 3%         N/A       75%         3
 Stone Arrow              Conj/Erth      6%         3d7       75%         3
 Hailstorm                Conj/Ice       18%        3d6       80%         4
 Flame Wave               Conj/Fire      3%         2d4       98%         4
 Freezing Cloud           Conj/Ice/Air   6%         6-21      99%         5
 Summon Cactus Giant      Summ           1%         N/A       100%        6
 Dragon Form              Tmut           1%         N/A       100%        7
 Dragon's Call            Summ           1%         N/A       100%        9


Dungeon Overview and Level Annotations

Branches:
Dungeon (13/15)            Temple (0/1) D:6            Lair (0/6) D:9
    Orc (0/2) D:12
 Vaults: D:13-14

Altars:
Dithmenos
Gozag
Makhleb
Nemelex Xobeh
Vehumet
Wu Jian
Yredelemnul

Shops:
D:10 [


Innate Abilities, Weirdness & Mutations

You cannot wear most types of armour.
You are amphibious.
You can wear up to eight rings at the same time.
Your skin changes colour to match your surroundings (Stealth+).
Your rubbery body absorbs attacks. (AC +1, EV +1)
((You are camouflaged near water. (Stealth+)))
You have tentacles for arms and can constrict up to eight enemies at once.


Message History

Are you sure you want to stumble around while confused and next to your killer bee zombie?
Okay, then.
The killer bee zombie closely misses you.
Your yak zombie gores the killer bee zombie.
The orc wizard closely misses you. The killer bee zombie hits you!
The orc wizard closely misses you. The orc warrior barely misses you.
The killer bee zombie hits you but does no damage.
The orc wizard hits you with a +0 dagger.
Your yak zombie barely misses the killer bee zombie.
The orc wizard hits you with a +0 dagger.
The killer bee zombie completely misses you.
The orc warrior barely misses you. The killer bee zombie misses you.
The orc wizard barely misses you.
The orc wizard gestures at you while chanting.
The magic dart hits you! The orc warrior misses you.
Your yak zombie gores the killer bee zombie!
The killer bee zombie hits your yak zombie but does no damage.
The killer bee zombie hits your yak zombie.
The orc wizard hits you with a +0 dagger.
The orc wizard barely misses you.
The orc warrior hits you from afar with a +0 trident!
* * * LOW HITPOINT WARNING * * *
Your yak zombie barely misses the killer bee zombie.
Okay, then.
Are you sure you want to stumble around while confused and next to your killer bee zombie? [Y]es or [N]o only, please.
Are you sure you want to stumble around while confused and next to your killer bee zombie?
You miss your killer bee zombie. You squeeze the killer bee zombie.
The killer bee zombie is lightly damaged.
You can no longer trade souls for undead servants.
The killer bee zombie hits your yak zombie.
The killer bee zombie hits you.
* * * LOW HITPOINT WARNING * * *
The killer bee zombie hits your yak zombie.
The orc wizard hits you with a +0 dagger.
* * * LOW HITPOINT WARNING * * *
The orc wizard gestures at you while chanting.
The magic dart hits you!
You die...
Your body rises from the dead as a mindless zombie.

###....# .......#
##....## ###### #####
###...########
##Z...........##
########ZZ............##
.....oo@Z######........#
.....oo### #######...
.....## ###. ..## ## . #


You could see an orc warrior, 2 orc wizards, an orc, 2 killer bee zombies, a
friendly yak zombie and a friendly troll zombie.

Vanquished Creatures
  A boulder beetle (D:12)
  A two-headed ogre (D:5)
  Maggie (D:7)
  A troll (D:10)
  A hornet (D:8)
  A slime creature (D:13)
  A shadow (D:11)
  A vampire (D:13)
  A wraith (D:12)
  A wyvern (D:8)
  10 yaks
  A steam dragon (D:6)
  Menkaure (D:7)
  6 water moccasins
  An ice beast (D:5)
  A black bear (D:5)
  3 orc warriors
  2 sky beasts
  2 ogres
  3 centaurs
  A phantom (D:4)
  3 kobold brigands
  5 bullfrogs
  A water moccasin zombie (D:5)
  5 scorpions
  A water moccasin skeleton (D:6)
  7 killer bees
  3 wights (D:8)
  A crimson imp (D:3)
  2 centaur zombies
  2 howler monkeys (D:7)
  A bullfrog zombie (D:5)
  2 hounds
  A jelly (D:6)
  9 orc priests
  A centaur skeleton (D:7)
  Terence (D:2)
  7 iguanas
  2 orc wizards
  A hound zombie (D:3)
  2 gnolls (D:6)
  A howler monkey skeleton (D:5)
  13 adders
  7 river rats (D:5)
  An adder skeleton (D:4)
  2 worms (D:2)
  2 dart slugs
  28 orcs
  3 ball pythons
  8 bats
  5 endoplasms
  2 giant cockroaches
  3 goblins
  8 hobgoblins
  5 jackals
  8 quokkas
  A ball python zombie (D:3)
  4 frilled lizards
  13 kobolds
  18 rats
230 creatures vanquished.

Vanquished Creatures (collateral kills)
  A two-headed ogre (D:8)
  A wraith (D:6)
  A wyvern (D:10)
  A yak (D:9)
  3 water moccasins
  An ice beast (D:5)
  3 orc warriors
  A black bear (D:9)
  3 bullfrogs
  2 killer bees
  A wight (D:8)
  A jelly (D:8)
  A gnoll shaman (D:6)
  An orc priest (D:8)
  A hound (D:5)
  2 orc wizards (D:8)
  An iguana (D:5)
  3 gnolls (D:6)
  4 orcs
  2 quokkas (D:5)
  2 rats (D:5)
36 creatures vanquished.

Vanquished Creatures (others)
  A dancing weapon (D:10)
  A two-headed ogre zombie (D:8)
  A water moccasin zombie (D:5)
  3 yak zombies (D:9)
  A centaur zombie (D:8)
  6 bullfrog zombies
  2 scorpion zombies
  3 killer bee zombies
  An ogre zombie (D:5)
  A hound zombie (D:5)
  2 adder zombies
  2 gnoll zombies (D:6)
  A hobgoblin zombie (D:4)
  A jackal zombie (D:5)
  3 kobold zombies
  12 orc zombies
  A quokka zombie (D:5)
  2 rat zombies (D:5)
  A river rat zombie (D:5)
  A spectral endoplasm (D:4)
  36 fungi (D:9)
  33 plants
115 creatures vanquished.

Grand Total: 381 creatures vanquished

Notes
Turn   | Place    | Note
-------+----------+-------------------------------------------
     0 | D:1      | enile the Octopode Wanderer began the quest for the Orb.
     0 | D:1      | enile set off with the following items: a +0 dagger, 3
                  | throwing nets, a scroll of vulnerability, a scroll of fog,
                  | a +0 hat
     0 | D:1      | Reached XP level 1. HP: 18/18 MP: 1/1
    91 | D:1      | Reached skill level 1 in Stealth
   174 | D:1      | Reached XP level 2. HP: 20/24 MP: 2/2
   666 | D:1      | Reached XP level 3. HP: 29/29 MP: 4/4
  1256 | D:2      | Reached skill level 1 in Short Blades
  1280 | D:2      | Found a sparkling altar of Nemelex Xobeh.
  1359 | D:2      | Noticed Terence
  1374 | D:2      | Killed Terence
  1375 | D:2      | Reached XP level 4. HP: 31/35 MP: 5/5
  1751 | D:2      | Reached skill level 1 in Throwing
  2043 | D:3      | Reached XP level 5. HP: 39/39 MP: 6/6
  2547 | D:3      | Reached skill level 1 in Unarmed Combat
  2573 | D:3      | Found a basalt altar of Yredelemnul.
  2619 | D:3      | Found a burning altar of Makhleb.
  2620 | D:3      | Found a radiant altar of Vehumet.
  3005 | D:3      | Became a worshipper of Yredelemnul the Dark
  3057 | D:4      | Noticed a kobold brigand
  3063 | D:4      | Killed a kobold brigand
  3064 | D:4      | Reached XP level 6. HP: 24/45 MP: 7/7
  3223 | D:4      | Reached skill level 5 in Dodging
  3285 | D:4      | Reached * piety under Yredelemnul
  3821 | D:4      | Reached XP level 7. HP: 50/50 MP: 8/8
  4231 | D:4      | Learned a level 2 spell: Ensorcelled Hibernation
  4239 | D:5      | Entered Level 5 of the Dungeon
  4263 | D:5      | Found a shadowy altar of Dithmenos.
  4630 | D:5      | Reached skill level 1 in Hexes
  4734 | D:5      | Reached skill level 1 in Spellcasting
  4734 | D:5      | Reached XP level 8. HP: 55/55 MP: 3/9
  4818 | D:5      | Learned a level 3 spell: Tukima's Dance
  4825 | D:5      | Reached ** piety under Yredelemnul
  5119 | D:5      | Noticed a two-headed ogre
  5143 | D:5      | Killed a two-headed ogre
  5144 | D:5      | Reached skill level 5 in Short Blades
  5214 | D:5      | Reached XP level 9. HP: 62/62 MP: 12/12
  5654 | D:5      | Identified the +1 leather armour of Shielding {rN++ Str-5}
  5706 | D:5      | Reached *** piety under Yredelemnul
  5992 | D:6      | Found a staircase to the Ecumenical Temple.
  6135 | D:6      | Reached skill level 5 in Invocations
  6138 | D:6      | Reached skill level 1 in Evocations
  6547 | D:6      | Found an opulent altar of Gozag.
  6628 | D:6      | Learned a level 4 spell: Cause Fear
  6683 | D:6      | Reached **** piety under Yredelemnul
  6792 | D:6      | Reached XP level 10. HP: 31/69 MP: 7/13
  7142 | D:6      | Identified a scroll of acquirement
  7144 | D:6      | Acquired the ring "Xuepp" {MP+9 Str+3 Int+7}
  8146 | D:7      | Noticed Menkaure
  8759 | D:7      | Killed Menkaure
  9047 | D:7      | Noticed Maggie
  9057 | D:7      | Killed Maggie
  9481 | D:7      | Reached skill level 5 in Hexes
  9648 | D:8      | Noticed a two-headed ogre
  9659 | D:8      | Killed a two-headed ogre
 10125 | D:8      | Reached skill level 5 in Evocations
 10530 | D:8      | Reached skill level 1 in Shields
 10530 | D:8      | Reached XP level 11. HP: 70/75 MP: 15/15
 10583 | D:8      | Reached skill level 1 in Long Blades
 10726 | D:8      | Found an ornate altar of the Wu Jian Council.
 11379 | D:9      | Found a staircase to the Lair.
 11770 | D:9      | Reached skill level 5 in Throwing
 12048 | D:9      | You fall into a shaft and drop 3 floors!
 12119 | D:12     | Found a staircase to the Orcish Mines.
 12138 | D:12     | Noticed a boulder beetle
 12144 | D:12     | Noticed a deep elf pyromancer
 12172 | D:12     | HP: 1/75 [centaur/arrow (5)]
 12593 | D:13     | Found a gate leading to a gauntlet.
 12618 | D:13     | Noticed a skeletal warrior
 12858 | D:12     | Killed a boulder beetle
 13110 | D:12     | Noticed a cyclops
 13263 | D:10     | Entered Level 10 of the Dungeon
 13495 | D:10     | Reached skill level 5 in Ice Magic
 13831 | D:10     | Learned a level 3 spell: Mephitic Cloud
 14175 | D:10     | Found Tuxiele's Armour Shoppe.
 14184 | D:10     | Bought a +0 kite shield for 67 gold pieces
 14554 | D:10     | Killed from afar by an orc wizard

Illustrated notes

Levels and vault maps discovered:
D:1:      minmay_arrival_nine_rooms, layout_basic, minivault_27,
          corexii_leaking_fountain, serial_park_tiny_2, serial_bayou_crossing
D:2:      layout_rooms, basic_altar, uniq_terence
D:3:      layout_loops_ring, grunt_temple_overflow_lords_of_destruction,
          lemuel_zombie_altar_yredelemnul, serial_bayou, serial_bayou_lake_a,
          serial_bayou_pond_c, serial_bayou_pond_e, serial_bayou_shore_b
D:4:      layout_rooms, chequers_mini_garden, hangedman_decor_opposing,
          hangedman_abyss_or_decor_stabs, nrook_mini_backslash
D:5:      lemuel_ratsnest, layout_basic,
          nicolae_dithmenos_through_a_glass_darkly, minmay_misc_feat_hallway,
          minmay_starry_boxes
D:6:      layout_basic, grunt_gozag_breadcrumbs, minmay_temple_entry_mini_moons
D:7:      layout_cave_pods, uniq_maggie, uniq_menkaure
D:8:      minmay_evil_eye, layout_loops_ring,
          nicolae_wu_jian_immortal_techniques
D:9:      layout_loops_corners, due_lair_maze_entry_diamond, minivault_14
D:10:     layout_layer_cave, serial_shops, nicolae_shop_statue_plus
D:11:     layout_loops_cross
D:12:     layout_loops_cross, david_orc_2
D:13:     layout_basic, gauntlet_entry_generic, st_stairs_3,
          grunt_decor_fettered

Skill      XL: |  1  2  3  4  5  6  7  8  9 10 11 |
---------------+----------------------------------+-----
Stealth        | 2 3 4 6 8 |  8.0
Invocations    | 2 5 6 |  6.0
Short Blades   | 2 3 4 5 6 7 |  7.0
Throwing       | 1 2 3 4 5 |  5.0
Unarmed Combat | 1 2 |  2.0
Dodging        | 5 6 7 8 |  8.0
Ice Magic      | 2 3 4 5 |  5.0
Hexes          | 2 3 5 |  5.0
Spellcasting   | 1 2 |  2.0
Fighting       | 6 7 8 |  8.0
Evocations     | 3 5 6 |  6.2
Shields        | 1 2 |  2.0
Long Blades    | 2 |  2.2

Action                   |  1- 3 |  4- 6 |  7- 9 | 10-12 || total
-------------------------+-------+-------+-------+-------++-------
Melee: Dagger            |    69 |    41 |       |   128 ||   238
       Tentacles         |    17 |    23 |    46 |    83 ||   169
       Constrict         |    16 |    26 |    42 |    40 ||   124
       Short sword       |       |    62 |   181 |   120 ||   363
       Punch             |       |     1 |     4 |     7 ||    12
       Falchion          |       |       |       |     4 ||     4
Throw: Throwing net      |     1 |     1 |     1 |     4 ||     7
       Boomerang         |       |       |       |    15 ||    15
 Cast: Ensorcelled Hiber |       |       |     5 |    15 ||    20
       Cause Fear        |       |       |     2 |       ||     2
       Tukima's Dance    |       |       |     1 |     9 ||    10
Invok: Recall Undead Har |       |       |       |     2 ||     2
Evoke: Wand              |       |       |       |     7 ||     7
  Use: Scroll            |       |     6 |     1 |     9 ||    16
       Potion            |       |       |       |     5 ||     5
 Stab: Sleeping          |    10 |    14 |    22 |    21 ||    67
       Held in net/web   |     1 |       |     1 |     3 ||     5
       Distracted        |       |     1 |       |       ||     1
       Paralysed         |       |       |       |     3 ||     3
Armor: Skin              |     2 |     4 |     3 |     2 ||    11
Dodge: Dodged            |    45 |    43 |   114 |   195 ||   397
Block: Kite shield       |       |       |       |     2 ||     2

Table legend: (Time is in decaauts)
 A = Elapsed time spent in this place.
 B = Non-inter-level travel time spent in this place.
 C = Inter-level travel time spent in this place.
 D = Time resting spent in this place.
 E = Time spent auto-exploring this place.
 F = Levels seen in this place.
 G = Mean time per level.
                   A        B        C        D        E       F      G
               +--------+--------+--------+--------+--------+-----+--------+
         Total |  14429 |  14131 |    298 |   2861 |   8950 |  13 | 1109.9 |
       Dungeon |  14429 |  14131 |    298 |   2861 |   8950 |  13 | 1109.9 |
               +--------+--------+--------+--------+--------+-----+--------+

Top non-repeatable levels by time:
     D:6: 2443 daAuts
     D:5: 1483 daAuts
     D:3: 1470 daAuts
     D:8: 1353 daAuts
    D:10: 1282 daAuts
     D:7: 1203 daAuts
     D:1: 1162 daAuts
     D:4: 1114 daAuts
     D:9: 995 daAuts
     D:2: 731 daAuts
    D:13: 661 daAuts
    D:12: 407 daAuts
    D:11: 122 daAuts
